 Dungeon Crawl Stone Soup version 0.25.1-2-g60ff931df9 (webtiles) character file.

Game seed: 16837645731442495386

1941 hawla the Carver (level 8, -12/109 HPs)
             Began as a Minotaur Berserker on Oct 26, 2020.
             Was a Priest of Trog.
             Mangled by an orc warrior
             ... wielding a +0 glaive
              (23 damage)
             ... on level 6 of the Dungeon.
             The game lasted 00:15:41 (6680 turns).

hawla the Carver (Minotaur Berserker)               Turns: 6680, Time: 00:15:42

Health: -12/109    AC: 10    Str: 24    XL:     8   Next: 98%
Magic:  7/7        EV: 13    Int:  4    God:    Trog [***...]
Gold:   106        SH:  0    Dex: 10    Spells: 7/7 levels left

rFire    . . .     SeeInvis .   a - +1 falchion
rCold    . . .     Gourm    .   (no shield)
rNeg     . . .     Faith    .   j - +0 scale mail
rPois    .         Spirit   .   (helmet restricted)
rElec    .         Reflect  .   z - +2 cloak
rCorr    .         Harm     .   (no gloves)
MR       ++...                  (no boots)
Stlth    ..........             y - amulet of the acrobat
HPRegen  1.28/turn              (no ring)
MPRegen  0.10/turn              (no ring)

@: brilliant, berserking, regenerating, very quick
A: retaliatory headbutt, horns 2
a: Berserk, Trog's Hand, Renounce Religion


You were on level 6 of the Dungeon.
You worshipped Trog.
Trog was most pleased with you.
You were very hungry.

You visited 2 branches of the dungeon, and saw 7 of its levels.
You also visited: Sewer.

You collected 310 gold pieces.
You spent 204 gold pieces at shops.

Inventory:

Hand Weapons
 a - a +1 falchion (weapon)
 B - a +0 dagger of protection
Missiles
 f - 19 boomerangs (quivered)
 t - 4 poisoned darts
Armour
 j - a +0 scale mail (worn)
 s - a +0 chain mail
 z - a +2 cloak (worn)
Jewellery
 u - an uncursed ring of fire
 y - an amulet of the acrobat (around neck)
Wands
 q - a wand of paralysis (8)
Scrolls
 b - a scroll of blinking
 e - a scroll of fear
 g - a scroll of holy word
 h - 4 scrolls of remove curse
 k - 2 scrolls of fog
 p - 5 scrolls of identify
 x - a scroll of enchant weapon
 D - a scroll of teleportation
 E - a scroll of enchant armour
Potions
 d - a potion of berserk rage
 i - 5 potions of brilliance
 l - 2 potions of stabbing
 n - 5 potions of curing {unknown}
 o - a potion of magic {unknown}
 r - a potion of lignification {unknown}
 v - a potion of ambrosia {unknown}
 w - a potion of heal wounds {unknown}
Comestibles
 c - 8 rations


   Skills:
 + Level 7.4 Fighting
 + Level 3.5(6.3) Short Blades
 + Level 9.0(9.4) Long Blades
 + Level 5.2 Armour
 * Level 6.5 Dodging


You had 7 spell levels left.
You didn't know any spells.
Your spell library was empty.

Dungeon Overview and Level Annotations

Branches:
Dungeon (6/15)             Temple (1/1) D:6           Sewer (visited)

Altars:
Kikubaaqudgha
Makhleb
Ru
Trog
Zin
The Shining One

Shops:
D:5 ?


Innate Abilities, Weirdness & Mutations

You reflexively headbutt those who attack you in melee.
You have a pair of horns on your head.


Message History

The giant cockroach barely misses you. You furiously retaliate!
You headbutt the giant cockroach. The orc warrior barely misses you.
Your skin crawls.
You feel resistant to hostile enchantments.
You feel somewhat more hungry.
The shadow imp hits you but does no damage.
The giant cockroach bites you but does no damage.
A red film seems to cover your vision as you go berserk!
You feel yourself moving faster!
You feel mighty!
You are feeling very hungry.
The giant cockroach bites you but does no damage.
The shadow imp completely misses you. You furiously retaliate!
You headbutt the shadow imp!
The orc warrior hits you with a +0 glaive!
* * * LOW HITPOINT WARNING * * *
The giant cockroach bites you but does no damage.
You barely miss the orc warrior. The shadow imp hits you.
* * * LOW HITPOINT WARNING * * *
The orc warrior hits you with a +0 glaive!!
You die...

###..........
.....?......
...........
#..........
#..........
#..........
#.s)o......
#######..@5........#
..?.....##########..
...............# #.#
####
........######.###.#
... ........#
#..##.##.# ........#
#..≈§≈...# ........#
##.≈§§≈≈..####
........#
#.≈≈§≈≈≈≈.....
........#
#.≈§≈>≈≈≈####.


You could see an orc warrior, a shadow imp and a giant cockroach.

Vanquished Creatures
  Grinder (D:3)
  Sigmund (D:3)
  An ogre (D:6)
  3 phantoms
  3 big kobolds (Sewer)
  A bullfrog (D:6)
  A howler monkey (D:4)
  3 crimson imps
  4 hounds
  2 orc priests
  A centaur skeleton (D:5)
  4 iguanas
  5 worker ants
  Natasha (twice) (D:3)
  2 hound skeletons
  7 gnolls
  10 adders
  A river rat (Sewer)
  7 oozes
  An adder skeleton (D:4)
  An adder zombie (D:5)
  5 worms
  2 dart slugs
  3 leopard geckos
  6 orcs
  6 giant cockroaches
  7 goblins
  7 hobgoblins
  9 kobolds
  3 quokkas
  2 ball pythons (Sewer)
  6 bats
  3 frilled lizards
  A jackal skeleton (D:5)
  15 rats
136 creatures vanquished.

Notes
Turn   | Place    | Note
-------+----------+-------------------------------------------
     0 | D:1      | hawla the Minotaur Berserker began the quest for the Orb.
     0 | D:1      | Reached XP level 1. HP: 19/19 MP: 0/0
   299 | D:1      | Reached skill level 4 in Long Blades
   299 | D:1      | Reached XP level 2. HP: 19/27 MP: 1/1
   898 | D:2      | Reached XP level 3. HP: 29/33 MP: 2/2
  1478 | D:2      | Reached ** piety under Trog
  1926 | D:2      | Reached XP level 4. HP: 32/41 MP: 3/3
  2406 | D:3      | Noticed Sigmund
  2411 | D:3      | Killed Sigmund
  2411 | D:3      | Reached skill level 5 in Fighting
  2411 | D:3      | Reached skill level 5 in Long Blades
  2411 | D:3      | Reached XP level 5. HP: 48/48 MP: 4/4
  2426 | D:3      | Reached XP level 6. HP: 51/56 MP: 5/5
  2644 | D:3      | Noticed Grinder
  2656 | D:3      | Killed Grinder
  2656 | D:3      | Reached skill level 1 in Short Blades
  2656 | D:3      | Reached skill level 6 in Long Blades
  2658 | D:3      | Reached XP level 7. HP: 27/63 MP: 6/6
  3284 | D:3      | Noticed Natasha
  3289 | D:3      | Killed Natasha
  3323 | D:3      | Noticed Natasha
  3331 | D:3      | Killed Natasha
  3462 | D:3      | Found a burning altar of Makhleb.
  3554 | D:4      | Reached skill level 7 in Long Blades
  3866 | D:4      | HP: 3/64 [poisoned by an adder]
  3871 | D:4      | HP: 3/64 [poisoned by an adder]
  3876 | D:4      | HP: 2/64 [poisoned by an adder]
  4512 | D:4      | Reached skill level 8 in Long Blades
  4894 | D:5      | Entered Level 5 of the Dungeon
  4918 | D:5      | Found Tefriy's Magic Scroll Boutique.
  4924 | D:5      | Bought a scroll of blinking for 90 gold pieces
  4924 | D:5      | Bought a scroll of holy word for 90 gold pieces
  4924 | D:5      | Bought a scroll of fog for 24 gold pieces
  4947 | D:5      | Reached XP level 8. HP: 71/71 MP: 7/7
  4972 | D:5      | Reached skill level 5 in Dodging
  5050 | D:5      | Found a glowing drain.
  5069 | D:5      | Reached *** piety under Trog
  5161 | Sewer    | Entered a sewer
  6062 | D:5      | Reached skill level 5 in Armour
  6564 | D:6      | Reached skill level 9 in Long Blades
  6619 | D:6      | Found a bloodstained altar of Trog.
  6637 | D:6      | Found a staircase to the Ecumenical Temple.
  6652 | Temple   | Entered the Ecumenical Temple
  6680 | D:6      | Mangled by an orc warrior

Illustrated notes

Levels and vault maps discovered:
D:1:      ncdulo_wetmaze, layout_loops_ring
D:2:      layout_loops_ring
D:3:      layout_loops_ring, nicolae_overflow_hidden_temple, uniq_sigmund,
          uniq_grinder, uniq_natasha
D:4:      layout_cave_pools, nicolae_underground_beach
D:5:      layout_basic, serial_shops, nicolae_shop_trees, first_ration,
          gup_sewer_entry_glass
D:6:      layout_basic, nicolae_overflow_quartered_altars,
          minmay_temple_entry_mist, kennysheep_small_circle
Temple:   zaba_magenta_temple

Skill      XL: |  1  2  3  4  5  6  7  8 |
---------------+-------------------------+-----
Fighting       | 4 5 6 7 |  7.4
Long Blades    | 4 5 6 8 9 |  9.0
Armour         | 3 5 |  5.2
Dodging        | 3 4 6 |  6.5
Short Blades   | 1 3 |  3.5

Action                   |  1- 3 |  4- 6 |  7- 9 || total
-------------------------+-------+-------+-------++-------
Melee: Falchion          |    31 |    34 |   221 ||   286
       Headbutt          |     6 |    15 |    67 ||    88
       Rapier            |    38 |     9 |       ||    47
       Dagger            |       |       |    84 ||    84
Throw: Boomerang         |       |       |     1 ||     1
Invok: Berserk           |       |       |     1 ||     1
       Trog's Hand       |       |       |     1 ||     1
  Use: Scroll            |     5 |     1 |     7 ||    13
       Potion            |       |       |     2 ||     2
 Stab: Sleeping          |     2 |       |       ||     2
  Eat: Chunk             |     3 |     2 |    14 ||    19
Armor: Leather armour    |       |       |     6 ||     6
       Ring mail         |       |       |    46 ||    46
       Animal skin       |       |       |     1 ||     1
       Scale mail        |       |       |    12 ||    12
Dodge: Dodged            |    55 |    20 |   225 ||   300
       Rpst.: Falchion   |     4 |     6 |    39 ||    49
